 Dungeon Crawl Stone Soup version 0.28.0-53-g5a82cb258f (webtiles) character file.

Game seed: 3615417417397533549

1647 bnorton916 the Magician (level 8, -6/41 HPs)
             Began as a Deep Elf Fire Elementalist on June 17, 2022.
             Was an Initiate of Gozag.
             Mangled by an orc warrior
             ... wielding a +0 trident
              (7 damage)
             ... on level 6 of the Dungeon.
             The game lasted 00:08:10 (10170 turns).

bnorton916 the Magician (DEFE)                     Turns: 10170, Time: 00:08:10

Health: -6/41      AC:  3    Str:  5    XL:     8   Next: 67%
Magic:  18/29      EV: 12    Int: 23    God:    Gozag
Gold:   546        SH:  0    Dex: 15    Spells: 8/21 levels left

rFire   . . .      SeeInvis .   (no weapon)
rCold   . . .      Faith    .   (no shield)
rNeg    . . .      Spirit   .   a - +0 robe
rPois   .          Reflect  .   b - +0 helmet
rElec   .          Harm     .   (no cloak)
rCorr   .          Rampage  .   (no gloves)
Will    .....                   (no boots)
Stlth   ++........              (no amulet)
HPRegen 0.13/turn               k - ring of magical power
MPRegen 0.21/turn               (no ring)

@: no status effects
A: no striking features
a: Renounce Religion, Potion Petition, Call Merchant, Bribe Branch


You were on level 6 of the Dungeon.
You worshipped Gozag.
Gozag was pleased with you.
You visited 2 branches of the dungeon, and saw 7 of its levels.

You collected 614 gold pieces.
You paid 68 gold pieces to Gozag.

Inventory:

Hand Weapons
 u - a +1 hunting sling of flaming
Missiles
 f - 127 stones
 g - a throwing net
 h - 4 poisoned darts
Armour
 a - a +0 robe (worn)
 b - a +0 helmet (worn)
 o - a +0 buckler
 q - a +2 leather armour of willpower
Jewellery
 k - a ring of magical power (left hand)
Wands
 t - a wand of polymorph (7)
 v - a wand of flame (21)
Scrolls
 d - 2 scrolls of magic mapping {unknown}
 e - 2 scrolls of teleportation
 i - 2 scrolls of enchant weapon {unknown}
 j - a scroll of blinking {unknown}
 l - a scroll of vulnerability
 m - a scroll of torment {unknown}
 n - a scroll of noise {unknown}
 x - a scroll of holy word {unknown}
Potions
 c - a potion of flight
 p - a potion of degeneration {unknown}
 r - a potion of might {unknown}
 s - a potion of heal wounds
 w - a potion of curing {unknown}


   Skills:
 * Level 3.6 Armour
 - Level 2.4 Dodging
 - Level 2.4 Stealth
 + Level 7.2 Spellcasting
 + Level 5.8 Conjurations
 + Level 6.4 Fire Magic
 - Level 3.0 Air Magic
 - Level 3.0 Poison Magic


You had 8 spell levels left.
You knew the following spells:

 Your Spells              Type           Power      Damage    Failure   Level
a - Foxfire               Conj/Fire      100%       2x1d9     1%          1
b - Scorch                Fire           76%        2d9       1%          2
c - Conjure Flame         Conj/Fire      36%        6-21      1%          3
d - Mephitic Cloud        Conj/Pois/Air  26%        N/A       4%          3
e - Flame Wave            Conj/Fire      36%        2d9       6%          4

Your spell library contained the following spells:

 Spells                   Type           Power      Damage    Failure   Level
 Magic Dart               Conj           100%       1d8       1%          1
 Inner Flame              Hex/Fire       23%        N/A       6%          3
 Freeze                   Ice            32%        1d5       8%          1
 Call Imp                 Summ           8%         N/A       12%         2
 Frozen Ramparts          Ice            16%        1d3       22%         3
 Hailstorm                Conj/Ice       21%        3d6       22%         4


Dungeon Overview and Level Annotations

Branches:
Dungeon (6/15)             Temple (1/1) D:4

Altars:
Ashenzari
Cheibriados
Dithmenos
Elyvilon
Fedhas
Gozag
Hepliaklqana
Kikubaaqudgha
Okawaru
Qazlal
Ru
Sif Muna
Trog
Uskayaw
Xom
Yredelemnul
Zin
The Shining One


Message History

The orc warrior is lightly wounded.
You hear a shout!
The orc warrior is engulfed in noxious fumes.
The orc warrior appears confused.
Unknown command.
The orc warrior is no longer more vulnerable to fire.
An orc comes into view. It is wielding a +0 hand axe.
Casting: Mephitic Cloud (dangerous; 4% risk of failure)
Confirm with . or Enter, or press ? or * to list all spells.
Flames lash the orc warrior but do no damage.
The orc wizard is engulfed in noxious fumes.
The orc wizard appears confused.
The orc wizard hits itself with a +0 dagger.
Unknown command.
Casting: Scorch (safe; 1% risk of failure)
Confirm with . or Enter, or press ? or * to list all spells.
Flames lash the orc warrior.
The orc warrior is moderately wounded.
The orc warrior's fire resistance burns away.
The orc wizard is engulfed in noxious fumes.
The orc warrior hits you with a +0 trident!
* * * LOW HITPOINT WARNING * * *
The orc warrior hits itself with a +0 trident!
The orc wizard grins madly.
Casting: Scorch (safe; 1% risk of failure)
Confirm with . or Enter, or press ? or * to list all spells.
Flames lash the orc wizard.
The orc wizard is heavily wounded.
The orc wizard's fire resistance burns away.
The orc wizard misses the orc.
The orc warrior hits you with a +0 trident.
* * * LOW HITPOINT WARNING * * *
The orc warrior seems less confused.
The orc warrior hits you with a +0 trident!
* * * LOW HITPOINT WARNING * * *
The orc wizard closely misses the orc.
The orc wizard hits itself with a +0 dagger.
The orc warrior hits you from afar with a +0 trident!
You die...
Your body crumbles into a pile of gold.

#.##...............#
#.#.........#####..#
#.#.........# ..
#.#.##...##.# ..
#.#.##...##.## #...#
#.#.######...###...#
#ยง....# #...........
#######.#.###....###....
.......@......#.## #..##
#######.#.####### #..##
#o#.# ####..## #o#.#
#.....## #o#.# ##.##....
#.#.######...#####
#.#........#.# #
####.########...# #
#....# ##### #


You could see an orc warrior (combustible), an orc wizard (confused,
combustible) and an orc.

Vanquished Creatures
  Grinder (D:5)
  Duvessa (D:5)
  An ice beast (D:5)
  2 necrophages
  An ogre (D:5)
  A centaur (D:5)
  A phantom (D:4)
  2 scorpions (D:5)
  2 water moccasin zombies (D:5)
  Dowan (D:5)
  A howler monkey (D:5)
  2 centaur zombies
  3 bullfrog zombies
  A bullfrog skeleton (D:6)
  A hound (D:5)
  2 iguanas (D:6)
  An orc wizard (D:6)
  A killer bee zombie (D:6)
  A hound zombie (D:5)
  A howler monkey zombie (D:5)
  6 gnolls
  5 adders
  A shadow imp (D:5)
  An adder skeleton (D:5)
  2 worms
  4 dart slugs
  3 orcs
  An endoplasm (D:4)
  7 giant cockroaches
  9 goblins
  4 hobgoblins
  3 quokkas
  6 ball pythons
  7 bats
  2 frilled lizards (D:2)
  9 kobolds
  10 rats
107 creatures vanquished.

Vanquished Creatures (others)
  310 foxfires
  A plant (D:6)
311 creatures vanquished.

Grand Total: 418 creatures vanquished

Notes
Turn   | Place    | Note
-------+----------+-------------------------------------------
     0 | D:1      | bnorton916 the Deep Elf Fire Elementalist began the quest
                  | for the Orb.
     0 | D:1      | Reached XP level 1. HP: 10/10 MP: 6/6
   258 | D:1      | Reached XP level 2. HP: 15/15 MP: 1/8
  1158 | D:2      | Reached XP level 3. HP: 19/19 MP: 6/10
  1268 | D:2      | Reached skill level 4 in Spellcasting
  1282 | D:2      | Learned a level 2 spell: Scorch
  1816 | D:2      | Reached XP level 4. HP: 24/24 MP: 9/12
  2201 | D:3      | Found a glowing silver altar of Zin.
  3176 | D:4      | Learned a level 3 spell: Conjure Flame
  3180 | D:4      | Learned a level 3 spell: Mephitic Cloud
  3527 | D:4      | Found a staircase to the Ecumenical Temple.
  3541 | Temple   | Entered the Ecumenical Temple
  3797 | Temple   | Became a worshipper of Gozag Ym Sagoz the Greedy
  3886 | D:4      | Noticed a necrophage
  3896 | D:4      | Killed a necrophage
  3897 | D:4      | Reached skill level 1 in Air Magic
  3897 | D:4      | Reached skill level 1 in Poison Magic
  3897 | D:4      | Reached XP level 5. HP: 28/28 MP: 13/14
  4480 | D:4      | Found a stormy altar of Qazlal.
  4547 | D:4      | Found a glowing golden altar of the Shining One.
  4551 | D:4      | Noticed a phantom
  4568 | D:4      | Killed a phantom
  4569 | D:4      | Reached skill level 5 in Spellcasting
  4569 | D:4      | Reached XP level 6. HP: 24/32 MP: 15/15
  5180 | D:1      | Found a faded altar of an unknown god.
  5254 | D:5      | Entered Level 5 of the Dungeon
  5263 | D:5      | Reached skill level 5 in Fire Magic
  5379 | D:5      | Found a broken altar of Ashenzari.
  5445 | D:5      | Noticed Dowan
  5456 | D:5      | Killed Dowan
  5458 | D:5      | Noticed Duvessa
  5467 | D:5      | Killed Duvessa
  5468 | D:5      | Reached XP level 7. HP: 18/36 MP: 15/17
  5936 | D:5      | Found a white marble altar of Elyvilon.
  6558 | D:5      | Found a bloodstained altar of Trog.
  6616 | D:5      | Noticed Grinder
  6635 | D:5      | Paralysed by Grinder for 3 turns
  6645 | D:5      | Killed Grinder
  6646 | D:5      | Reached skill level 1 in Armour
  6646 | D:5      | Reached skill level 6 in Spellcasting
  7019 | D:5      | Reached skill level 5 in Conjurations
  7023 | D:5      | Reached XP level 8. HP: 38/41 MP: 19/19
  8383 | D:5      | Reached skill level 7 in Spellcasting
  8590 | D:6      | Found a snail-covered altar of Cheibriados.
  8604 | D:6      | Found a shimmering altar of Xom.
  8859 | D:6      | Found a blossoming altar of Fedhas.
  9268 | D:6      | Learned a level 4 spell: Flame Wave
 10169 | D:6      | HP: 1/41 [orc warrior/+0 trident (7)]
 10170 | D:6      | Mangled by an orc warrior

Illustrated notes

Levels and vault maps discovered:
D:1:      nagdon_arrival_double_spiral, layout_rooms,
          shapermc_ecumenical_altar_mp_vishouse, minmay_rat_gold_closets
D:2:      layout_basic, nicolae_underground_beach
D:3:      layout_loops_cross, marbit_many_paths
D:4:      layout_basic, mainiacjoe_overflow_alcove_2,
          mainiacjoe_overflow_catwalk, minmay_temple_entry_statues_pillars
D:5:      minmay_diamond_boxcup, layout_loops_ring,
          mainiacjoe_overflow_alcove_1,
          mainiacjoe_overflow_concentric_impassable, elyvilon_altar_3,
          uniq_grinder, uniq_duvessa
D:6:      layout_loops_ring, kennysheep_mini, fedhas_ov_isle_minmay,
          xom_teletrap_fun, pdpol_wu_jian_five_deadly_venoms
Temple:   jpeg_temple_island

Skill      XL: |  1  2  3  4  5  6  7  8 |
---------------+-------------------------+-----
Conjurations   | 2 3 4 5 |  5.8
Spellcasting   | 4 5 6 7 |  7.2
Fire Magic     | 4 5 6 |  6.4
Air Magic      | 1 2 3 |  3.0
Poison Magic   | 1 2 3 |  3.0
Armour         | 2 3 |  3.6
Dodging        | |  2.4
Stealth        | |  2.4

Action                   |  1- 3 |  4- 6 |  7- 9 || total
-------------------------+-------+-------+-------++-------
Melee: Unarmed           |     1 |       |       ||     1
 Cast: Foxfire           |    82 |    84 |    34 ||   200
       Scorch            |     1 |    22 |    54 ||    77
       Conjure Flame     |       |     2 |     7 ||     9
       Mephitic Cloud    |       |     1 |     1 ||     2
  Use: Scroll            |       |     3 |     2 ||     5
 Stab: Sleeping          |     1 |       |       ||     1
Armor: Robe              |     4 |     3 |    14 ||    21
Dodge: Dodged            |    19 |    10 |    31 ||    60
